 Dungeon Crawl Stone Soup version 0.31-a0-145-g046c7d2549 (webtiles) character file.

Game seed: 14679760436054095163

1514 pokeman the Thaumaturge (level 8, -2/43 (44) HPs)
             Began as a Deep Elf Hedge Wizard on June 4, 2023.
             Slain by a wight
             ... wielding a +2 scimitar of freezing
              (3 damage)
             ... on level 6 of the Dungeon.
             The game lasted 00:15:15 (7276 turns).

pokeman the Thaumaturge (Deep Elf Hedge Wizard)     Turns: 7276, Time: 00:15:16

HP:   -2/43 (44)    AC:  7    Str:  7    XL:     8   Next: 53%
MP:   14/23         EV: 13    Int: 22    God:
Gold: 192           SH:  0    Dex: 14    Spells: 15/26 levels left

rFire   . . .        B - +2 flail (drain)
rCold   . . .        (no shield)
rNeg    . . .        b - +0 robe
rPois   .            t - +0 helmet
rElec   .            (no cloak)
rCorr   .            (no gloves)
SInv    .            (no boots)
Will    +....        w - amulet of the acrobat
Stlth   +++          s - +4 ring of protection
HPRegen 0.27/turn    x - ring of willpower
MPRegen 0.18/turn

%: acrobat
@: lightly drained
A: no striking features
a: no special abilities


You were on level 6 of the Dungeon.
You visited 1 branch of the dungeon, and saw 6 of its levels.

You collected 367 gold pieces.
You spent 175 gold pieces at shops.

Inventory:

Hand Weapons
 B - a +2 flail of draining (weapon)
Missiles
 a - 2 throwing nets
Armour
 b - a +0 robe (worn)
 f - a +0 buckler
 t - a +0 helmet (worn)
 A - the +3 ring mail of Lightning Storm {Dex+2}
   (You found it on level 5 of the Dungeon)

   Dex:       It affects your dexterity (+2).
Jewellery
 s - a +4 ring of protection (left hand)
 w - an amulet of the acrobat (around neck)
 x - a ring of willpower (right hand)
Scrolls
 c - a scroll of enchant armour {unknown}
 e - 2 scrolls of blinking {unknown}
 g - 7 scrolls of identify
 i - 2 scrolls of poison {unknown}
 l - a scroll of enchant weapon {unknown}
 m - 4 scrolls of teleportation
 o - a scroll of torment {unknown}
 p - 2 scrolls of noise {unknown}
 r - 2 scrolls of fog {unknown}
 v - a scroll of magic mapping
Potions
 d - a potion of magic
 h - 4 potions of curing
 j - 2 potions of heal wounds
 k - a potion of lignification {unknown}
 n - a potion of brilliance {unknown}
 q - a potion of haste {unknown}
 u - 2 potions of attraction {unknown}
 z - a potion of mutation {unknown}
 C - a potion of resistance {unknown}
 D - a potion of degeneration {unknown}


   Skills:
 - Level 2.0 Fighting
 - Level 2.1 Armour
 - Level 3.0 Dodging
 - Level 4.0 Stealth
 + Level 1.4 Shields
 * Level 9.9 Spellcasting
 + Level 5.2 Conjurations
 + Level 3.0 Summonings
 - Level 1.1 Translocations
 - Level 2.1 Air Magic
 - Level 1.0 Poison Magic


You had 15 spell levels left.
You knew the following spells:

 Your Spells              Type           Power      Damage    Failure   Level
a - Magic Dart            Conj           100%       1d8       1%          1
b - Mephitic Cloud        Conj/Pois/Air  23%        N/A       6%          3
c - Call Imp              Summ           48%        N/A       2%          2
d - Blink                 Tloc           30%        N/A       6%          2
e - Call Canine Familiar  Summ           24%        N/A       5%          3

Your spell library contained the following spells:

 Spells                   Type           Power      Damage    Failure   Level
 Shock                    Conj/Air       100%       1d9       1%          1
 Summon Small Mammal      Summ           96%        N/A       1%          1
 Apportation              Tloc           30%        N/A       3%          1
 Slow                     Hex            40%        N/A       6%          1
 Cigotuvi's Dreadful Rot  Necr/Pois/Air  30%        N/A       6%          2
 Dazzling Flash           Conj/Hex       44%        N/A       6%          3
 Summon Guardian Golem    Hex/Summ       17%        N/A       10%         3
 Confusing Touch          Hex            10%        N/A       19%         3
 Vampiric Draining        Necr           10%        2d6       19%         3
 Silence                  Hex/Air        7%         N/A       73%         5
 Alistair's Intoxication  Tmut/Pois      8%         N/A       80%         5
 Agony                    Necr           10%        N/A       86%         5


Dungeon Overview and Level Annotations

Branches:
Dungeon (6/15)
 Temple: D:4-7

Altars:
Hepliaklqana
Kikubaaqudgha
Makhleb
Zin

Shops:
D:3 [(?:


Message History

Aim: a wyvern (almost dead, confused, heavily drained, ally target, 100% to hit)
The magic dart hits the wyvern but does no damage.
The wyvern is almost dead.
Unknown command.
Casting: Magic Dart (safe; 1% risk of failure)
Confirm with . or Enter, or press ? or * to list all spells.
Aiming: Magic Dart (safe; 1% risk of failure)
Press: ? - help, Shift-Dir - straight line, f/p - wyvern
Aim: a wyvern (almost dead, confused, heavily drained, ally target, 100% to hit)
The magic dart hits the wyvern.
The wyvern is almost dead.
Your hound seems less confused.
The wight hits you from afar with a +3 trident of freezing!
The wight freezes you.
* * * LOW HITPOINT WARNING * * *
Casting: Magic Dart (safe; 1% risk of failure)
Confirm with . or Enter, or press ? or * to list all spells.
You blink.
The wyvern seems less confused.
The wight closely misses you. The wyvern attacks as you move away!
The wyvern bites you but does no damage.
The wight closely misses you. The wyvern misses you.
Your hound bites the wight.
Your hound closely misses the wight.
The wyvern closely misses you.
There is a stone staircase leading down here.
The wyvern attacks as you move away! The wyvern misses you.
You feel stable enough to blink again. The wyvern attacks as you move away!
The wyvern completely misses you.
The wyvern hisses menacingly.
The wyvern completely misses you.
Your hound closely misses the wight.
There is a stone staircase leading up here.
The wight hits you from afar with a +3 trident of freezing.
* * * LOW HITPOINT WARNING * * *
The wight freezes you.
* * * LOW HITPOINT WARNING * * *
The wight hits you with a +2 scimitar of freezing!
* * * LOW HITPOINT WARNING * * *
You feel drained.
* * * LOW HITPOINT WARNING * * *
The wight freezes you.
You die...

.... ##.......## ....
#........# ....
##........####
....##..##.....#..#####
.............##....#..##
.......................#
..........####......#.##
.........###.##.......#
..........##....@.....#
...............zl.....#
...##.#.........z.....#
..# ###........#h.....###
..# #........##........#
.######.................#
....#............).....##
#....[................##
#....................##


You could see a wyvern (very drained, ally target), 2 wights and a friendly
hound (summoned).

Vanquished Creatures
  Menkaure (D:4)
  An ice beast (D:4)
  2 black bears
  2 ogres
  A scorpion (D:5)
  Dowan (D:4)
  4 hounds
  A gnoll bouda (D:5)
  Jessica (D:3)
  An iguana (D:6)
  5 orc wizards
  Robin (D:3)
  12 gnolls (D:5)
  4 adders
  A white imp (D:6)
  3 worms
  A dart slug (D:2)
  15 orcs
  11 endoplasms
  2 giant cockroaches (D:1)
  13 goblins
  14 hobgoblins
  7 jackals
  6 kobolds
  6 quokkas
  7 ball pythons
  6 bats
  5 frilled lizards
  4 rats
138 creatures vanquished.

Vanquished Creatures (collateral kills)
  Duvessa (D:4)
  An ogre (D:6)
  A worm (D:2)
  An orc (D:6)
  A hobgoblin (D:2)
  2 goblins (D:3)
  A rat (D:2)
8 creatures vanquished.

Vanquished Creatures (others)
  A human (D:4)
1 creature vanquished.

Grand Total: 147 creatures vanquished

Notes
Turn   | Place    | Note
-------+----------+-------------------------------------------
     0 | D:1      | pokeman the Deep Elf Hedge Wizard began the quest for the
                  | Orb.
     0 | D:1      | Reached XP level 1. HP: 10/10 MP: 7/7
   236 | D:1      | You fall into a shaft and drop 1 floor!
   257 | D:2      | Found a glowing silver altar of Zin.
   416 | D:1      | Reached XP level 2. HP: 16/16 MP: 0/9
  1006 | D:1      | Reached skill level 5 in Spellcasting
  1524 | D:1      | Reached XP level 3. HP: 18/20 MP: 6/11
  1537 | D:1      | Learned a level 3 spell: Mephitic Cloud
  1540 | D:1      | Learned a level 2 spell: Call Imp
  1543 | D:1      | Learned a level 2 spell: Blink
  1845 | D:2      | Noticed an ogre
  1883 | D:2      | Killed an ogre
  1884 | D:2      | Reached skill level 1 in Fighting
  1884 | D:2      | Reached skill level 1 in Armour
  1884 | D:2      | Reached XP level 4. HP: 25/25 MP: 8/13
  2228 | D:2      | Reached skill level 6 in Spellcasting
  2228 | D:2      | Reached XP level 5. HP: 29/29 MP: 9/15
  2699 | D:2      | Found a faded altar of an unknown god.
  2708 | D:2      | Got Plato's Lessons on Lightning
  2819 | D:3      | Found Iporr's Antique Weapon Shoppe.
  2839 | D:3      | Identified the +0 chain mail "Jucwococ" {Contam rElec
                  | Int+6}
  3163 | D:3      | Found a burning altar of Makhleb.
  3163 | D:3      | Noticed Jessica
  3167 | D:3      | Killed Jessica
  3249 | D:3      | Reached skill level 1 in Shields
  3334 | D:3      | Found Hiky's Magic Scroll Shoppe.
  3363 | D:3      | Found Hihon's Book Shop.
  3569 | D:3      | Noticed Robin
  3581 | D:3      | Reached XP level 6. HP: 34/34 MP: 9/17
  3600 | D:3      | Killed Robin
  3869 | D:3      | Bought a scroll of magic mapping for 105 gold pieces
  3869 | D:3      | Bought a scroll of identify for 28 gold pieces
  3869 | D:3      | Bought a scroll of teleportation for 42 gold pieces
  4063 | D:3      | Found Qeill's Antique Armour Shop.
  4075 | D:3      | Found a hazy altar of Hepliaklqana.
  4506 | D:4      | Noticed Dowan
  4508 | D:4      | Noticed Duvessa
  4544 | D:4      | Killed Duvessa
  4545 | D:4      | Reached skill level 7 in Spellcasting
  4545 | D:4      | Reached skill level 1 in Air Magic
  4557 | D:4      | Killed Dowan
  4687 | D:4      | Noticed Menkaure
  4699 | D:4      | Killed Menkaure
  4700 | D:4      | Reached XP level 7. HP: 22/38 MP: 8/20
  4956 | D:4      | Reached skill level 8 in Spellcasting
  5272 | D:4      | Found an ancient bone altar of Kikubaaqudgha.
  5275 | D:4      | Noticed a human
  5277 | D:4      | Killed a human
  5325 | D:5      | Entered Level 5 of the Dungeon
  5360 | D:5      | Reached skill level 1 in Poison Magic
  5760 | D:5      | Identified the +3 ring mail of Lightning Storm {Dex+2}
  5820 | D:5      | Reached XP level 8. HP: 37/44 MP: 19/22
  6007 | D:5      | Reached skill level 9 in Spellcasting
  6822 | D:6      | Reached skill level 5 in Conjurations
  7188 | D:5      | Learned a level 3 spell: Call Canine Familiar
  7276 | D:6      | HP: 1/43 [wight/+2 scimitar of freezing (2)]
  7276 | D:6      | Slain by a wight

Illustrated notes

Levels and vault maps discovered:
D:1:      erik_arrival_blinker_ship, layout_basic
D:2:      layout_loops_ring, basic_altar, shapermc_ecumenical_altar_rom_forum
D:3:      kennysheep_goblin_castle, layout_basic, bloody_makhleb,
          worldfamousw_hep_ancestral_shrine, serial_shops,
          nicolae_shop_peninsula, nicolae_shop_advertising_works
          [nicolae_subvault_shop_adworks], nicolae_shop_tiny_real_fake_doors,
          nicolae_shop_tiny_statue_garden, minmay_misc_feat_roman,
          minmay_quantized, uniq_jessica
D:4:      layout_cave_pods, tgw_kikubaaqudgha, uniq_robin, uniq_menkaure,
          uniq_duvessa
D:5:      layout_gridville
D:6:      layout_cave_pools, minmay_temple_entry_fiery

Skill      XL: |  1  2  3  4  5  6  7  8 |
---------------+-------------------------+-----
Spellcasting   | 5 6 7 8 9 |  9.9
Fighting       | 1 2 |  2.0
Armour         | 1 2 |  2.1
Conjurations   | 2 3 4 5 |  5.2
Shields        | 1 |  1.4
Dodging        | 3 |  3.0
Stealth        | 3 4 |  4.0
Air Magic      | 1 2 |  2.1
Poison Magic   | 1 |  1.0
Summonings     | 3 |  3.0
Translocations | |  1.1

Action                     |  1- 3 |  4- 6 |  7- 9 || total
---------------------------+-------+-------+-------++-------
  Melee: Dagger            |     7 |    49 |    50 ||   106
         Punch             |       |     3 |       ||     3
         Flail             |       |       |    32 ||    32
   Cast: Magic Dart        |    91 |   149 |   134 ||   374
         Mephitic Cloud    |     1 |    10 |    16 ||    27
         Call Imp          |     1 |     5 |     2 ||     8
         Blink             |       |       |     2 ||     2
         Call Canine Famil |       |       |     1 ||     1
   Stab: Confused          |       |     7 |     7 ||    14
         Distracted        |       |       |     1 ||     1
 Armour: Robe              |     4 |    11 |    32 ||    47
  Dodge: Dodged            |    15 |    45 |    65 ||   125

Table legend: (Time is in decaauts)
 A = Elapsed time spent in this place.
 B = Non-inter-level travel time spent in this place.
 C = Inter-level travel time spent in this place.
 D = Time resting spent in this place.
 E = Time spent auto-exploring this place.
 F = Levels seen in this place.
 G = Mean time per level.
                   A        B        C        D        E       F      G
               +--------+--------+--------+--------+--------+-----+--------+
         Total |   7287 |   7042 |    245 |      4 |   5991 |   6 | 1214.5 |
       Dungeon |   7287 |   7042 |    245 |      4 |   5991 |   6 | 1214.5 |
               +--------+--------+--------+--------+--------+-----+--------+

Top non-repeatable levels by time:
     D:1: 1613 daAuts
     D:5: 1484 daAuts
     D:3: 1408 daAuts
     D:2: 1194 daAuts
     D:4: 1107 daAuts
     D:6: 479 daAuts
